 Dungeon Crawl Stone Soup version 0.28.0-49-g6dfe1f597d (webtiles) character file.

Game seed: 756300158119776165

53 Exodus22XD the Changer (level 3, 0/23 HPs)
             Began as an Octopode Transmuter on May 19, 2022.
             Was a Believer of Lugonu.
             Slain by a giant cockroach (1 damage)
             ... on level 3 of the Dungeon.
             The game lasted 00:02:07 (2050 turns).

Exodus22XD the Changer (Octopode Transmuter)        Turns: 2050, Time: 00:02:08

Health: 0/23       AC:  1    Str:  9    XL:     3   Next: 89%
Magic:  5/6        EV: 13    Int: 17    God:    Lugonu [**....]
Gold:   109        SH:  0    Dex: 12    Spells: 0/6 levels left

rFire   . . .      SeeInvis .     - Unarmed
rCold   . . .      Faith    .   (no shield)
rNeg    . . .      Spirit   .   (helmet currently unavailable)
rPois   .          Reflect  .   (no amulet)
rElec   .          Harm     .   a - +4 ring of slaying
rCorr   .          Rampage  .   (no ring)
Will    .....                   (no ring)
Stlth   ++........              (no ring)
HPRegen 0.07/turn               (no ring)
MPRegen 0.10/turn               (no ring)
                                (no ring)
                                (no ring)

@: appendages (expiring)
A: tentacle spike 3, almost no armour, amphibious, 8 rings, camouflage 1,
gelatinous body 1, (nimble swimmer 1), tentacles
a: End Transformation, Renounce Religion, Depart the Abyss, Bend Space


You were on level 3 of the Dungeon.
You worshipped Lugonu.
Lugonu was pleased with you.
One of your tentacles had grown a beastly spike.
You visited 1 branch of the dungeon, and saw 3 of its levels.

You collected 109 gold pieces.

Inventory:

Jewellery
 a - a +4 ring of slaying (left tentacle)
Scrolls
 b - 2 scrolls of identify {unknown}
 c - a scroll of enchant weapon {unknown}


   Skills:
 - Level 1.0 Fighting
 - Level 2.0 Dodging
 - Level 3.0 Unarmed Combat
 - Level 2.0 Spellcasting
 + Level 4.1 Transmutations


You couldn't memorise any spells.
You knew the following spells:

 Your Spells              Type           Power      Damage    Failure   Level
a - Beastly Appendage     Tmut           30%        N/A       3%          1
b - Wereblood             Tmut           15%        N/A       5%          2
c - Spider Form           Tmut/Pois      8%         N/A       26%         3

Your spell library contained the following spells:

 Spells                   Type           Power      Damage    Failure   Level
 Ice Form                 Ice/Tmut       8%         N/A       63%         4


Dungeon Overview and Level Annotations

Branches:
Dungeon (3/15)

Altars:
Lugonu


Innate Abilities, Weirdness & Mutations

One of your tentacles has grown a beastly spike.
You cannot wear most types of armour.
You are amphibious.
You can wear up to eight rings at the same time.
Your skin changes colour to match your surroundings (Stealth+).
Your rubbery body absorbs attacks. (AC +1, EV +1)
((You are camouflaged when in or above water. (Stealth+)))
You have tentacles for arms and can constrict up to eight enemies at once.


Message History

Deactivating autopickup; reactivate with Ctrl-A.
You're too confused to move!
The endoplasm freezes you.
You are frozen.
A giant cockroach comes into view.
You feel less confused. The endoplasm freezes you.
You are frozen.
The orc wizard gestures wildly while chanting.
The orc wizard flickers and vanishes!
The endoplasm closely misses you. The endoplasm freezes you.
You are frozen.
The orc closely misses you.
You bludgeon the orc!
You kill the orc!
Lugonu accepts your kill. The endoplasm freezes you.
You are frozen.
* * * LOW HITPOINT WARNING * * *
The rat twitches its whiskers.
The rat closely misses you.
You aren't carrying any potions.
Unknown command.
Space bends around you!
You blink.
Your transformation is almost over.
The endoplasm barely misses you.
The orc sings a few bars from the Orcish anthem.
The giant cockroach barely misses you.
You tentacle-slap the endoplasm.
Your tentacle spike misses the endoplasm.
The endoplasm is severely wounded.
The endoplasm hits you.
* * * LOW HITPOINT WARNING * * *
The giant cockroach bites you but does no damage.
You tentacle-slap the endoplasm but do no damage.
You pierce the endoplasm.
You kill the endoplasm!
Lugonu accepts your kill. The rat misses you. The giant cockroach bites you.
You die...

#. .# #.#### ...
....###### ....
.........#
###..###.......#
#......#.......#
#.<....r..#
..###.....@.#
........).JB..#
...........o..#
...#.##########
.. #. #


You could see an orc, an endoplasm, a giant cockroach and a rat.

Vanquished Creatures
  A dart slug (D:1)
  An orc (D:3)
  4 ball pythons (D:1)
  9 endoplasms
  A giant cockroach (D:2)
  4 goblins
  6 hobgoblins
  4 quokkas
  9 bats
  3 kobolds
  3 rats (D:1)
45 creatures vanquished.

Vanquished Creatures (others)
  A demonic plant (D:2)
  14 plants (D:1)
  5 toadstools (D:1)
20 creatures vanquished.

Grand Total: 65 creatures vanquished

Notes
Turn   | Place    | Note
-------+----------+-------------------------------------------
     0 | D:1      | Exodus22XD the Octopode Transmuter began the quest for the
                  | Orb.
     0 | D:1      | Reached XP level 1. HP: 13/13 MP: 3/3
   393 | D:1      | Reached XP level 2. HP: 3/18 MP: 5/5
   418 | D:1      | Reached skill level 3 in Transmutations
   797 | D:1      | Reached XP level 3. HP: 20/23 MP: 6/6
  1433 | D:2      | Learned a level 2 spell: Wereblood
  1437 | D:2      | Learned a level 3 spell: Spider Form
  1466 | D:2      | Found a faded altar of an unknown god.
  1489 | D:2      | Prayed at the altar of an unknown god.
  1489 | D:2      | Became a worshipper of Lugonu the Unformed
  1489 | D:2      | Reached * piety under Lugonu
  1489 | D:2      | Reached ** piety under Lugonu
  1674 | D:2      | Reached skill level 4 in Transmutations
  2049 | D:3      | HP: 1/23 [endoplasm (1)]
  2050 | D:3      | Slain by a giant cockroach

Illustrated notes

Levels and vault maps discovered:
D:1:      ldierk_walled_garden, layout_rooms, chequers_big_river
D:2:      layout_basic, shapermc_ecumenical_altar_gd, minmay_tetromino_t2
D:3:      layout_loops_cross, dk_vineyard_3, nicolae_underground_beach

Skill      XL: |  1  2  3 |
---------------+----------+-----
Transmutations | 3 4 |  4.1
Fighting       | |  1.0
Dodging        | |  2.0
Unarmed Combat | |  3.0
Spellcasting   | |  2.0

Action                   || total
-------------------------++-------
Melee: Unarmed           ||    80
       Constrict         ||    18
       Tentacles         ||    12
       Kick              ||     4
       Punch             ||     1
 Cast: Beastly Appendage ||     6
Invok: Bend Space        ||     1
 Stab: Sleeping          ||     5
       Distracted        ||     1
Armor: Skin              ||    10
Dodge: Dodged            ||    52
